 Dungeon Crawl Stone Soup version 0.23.2-1-ga50397a (webtiles) character file.

Game seed: 5368937910935550348

13454 cklessthan3 the Blocker (level 12, -4/101 HPs)
             Began as a Hill Orc Fighter on Apr 16, 2019.
             Was the Champion of Cheibriados.
             Slain by an unseen horror (5 damage)
             ... on level 11 of the Dungeon.
             The game lasted 00:34:49 (10973 turns).

cklessthan3 the Blocker (Hill Orc Fighter)         Turns: 10973, Time: 00:34:49

Health: -4/101     AC:  9    Str: 39    XL:     12   Next: 6%
Magic:  12/12      EV:  9    Int: 23    God:    Cheibriados [******]
Gold:   305        SH: 23    Dex: 25    Spells: 11/11 levels left

rFire    . . .     SeeInvis .   t - +0 mace (protect)
rCold    . . .     Gourm    .   s - +1 shield
rNeg     + . .     Faith    .   m - +0 plate armour
rPois    +         Spirit   .   A - +2 helmet
rElec    .         Reflect  +   (no cloak)
rCorr    .         Harm     .   Y - +0 pair of gloves
MR       .....                  (no boots)
Stlth    ..........             r - +6 amulet of reflection
HPRegen  0.26/turn              y - ring of poison resistance
MPRegen  0.13/turn              C - ring of positive energy

@: corroded, protection aura, very slow
A: no striking features
a: Bend Time, Temporal Distortion, Slouch, Step From Time, Renounce Religion


You were on level 11 of the Dungeon.
You worshipped Cheibriados.
Cheibriados was exalted by your worship.
You were not hungry.

You visited 1 branch of the dungeon, and saw 12 of its levels.

You collected 800 gold pieces.
You spent 495 gold pieces at shops.

Inventory:

Hand Weapons
 p - a +2 dagger of venom
 t - a +0 mace of protection (weapon)
 J - a +2 dire flail of holy wrath
Missiles
 N - 13 tomahawks (quivered)
Armour
 m - a +0 plate armour (worn)
 s - a +1 shield (worn)
 A - a +2 helmet (worn)
 Q - the cursed +0 leather armour of Astroc {+Inv rF+++ Slay-3 SInv}
   (You found it on level 8 of the Dungeon)

   It affects your accuracy and damage with ranged weapons and melee attacks
   (-3).
   It renders you almost immune to fire.
   It lets you see invisible.
   It lets you turn invisible.
   It has a curse placed upon it.
 Y - a +0 pair of gloves (worn)
Jewellery
 r - a +6 amulet of reflection (around neck)
 y - a ring of poison resistance (left hand)
 C - a ring of positive energy (right hand)
 D - an uncursed ring of protection from magic
 G - an uncursed ring of flight {unknown}
 X - a +2 ring of strength {unknown}
Wands
 b - a wand of flame (53)
 x - a wand of disintegration (19)
 F - a wand of paralysis (20)
 H - a wand of iceblast (8)
 I - a wand of polymorph (18)
 M - a wand of enslavement (5)
Scrolls
 c - 5 scrolls of identify
 g - 6 scrolls of teleportation
 h - 2 scrolls of amnesia
 i - 3 scrolls of blinking
 j - 3 scrolls of fear {unknown}
 l - 2 scrolls of random uselessness {unknown}
 n - 6 scrolls of remove curse
 w - 2 scrolls of noise {unknown}
 z - 2 scrolls of fog {unknown}
 K - 2 scrolls of vulnerability {unknown}
 P - a scroll of enchant weapon {unknown}
 U - a scroll of holy word {unknown}
 V - a scroll of torment {unknown}
Potions
 d - 2 potions of might
 k - 5 potions of lignification
 o - a potion of brilliance
 u - 12 potions of curing
 v - 2 potions of flight
 E - 2 potions of resistance {unknown}
 O - a potion of mutation {unknown}
 R - 2 potions of agility {unknown}
 S - a potion of degeneration {unknown}
Miscellaneous
 T - a lightning rod (4/4)
Comestibles
 f - 16 rations


   Skills:
 + Level 7.9 Fighting
 + Level 1.5 Short Blades
 + Level 12.3 Maces & Flails
 + Level 8.1 Armour
 + Level 1.6 Dodging
 + Level 1.5 Stealth
 + Level 13.1 Shields
 + Level 1.2 Invocations


You had 11 spell levels left.
You didn't know any spells.
Your spell library was empty.

Dungeon Overview and Level Annotations

Branches:
Dungeon (12/15)            Temple (0/1) D:6            Lair (0/6) D:11
    Orc (0/2) D:9

Altars:
Cheibriados
Kikubaaqudgha
Makhleb
Nemelex Xobeh
Qazlal
Ru
Sif Muna
Vehumet
Zin

Shops:
D:5 ((   D:6 :   D:8 *   D:9 ?   D:10 =

Portals:
Trove: D:11 (give 14 scrolls of teleportation)


Message History

You hit the jelly. The acid corrodes you!
Your hands burn!
* * * LOW HITPOINT WARNING * * *
The jelly is almost dead.
You block the jelly's attack.
You hit the jelly but do no damage. The acid corrodes you!
Your hands burn!
* * * LOW HITPOINT WARNING * * *
The jelly is almost dead.
Something hits you.
* * * LOW HITPOINT WARNING * * *
You block the jelly's attack.
You hit the jelly but do no damage. The acid corrodes you!
Your hands burn!
* * * LOW HITPOINT WARNING * * *
The jelly is almost dead.
Something hits you.
* * * LOW HITPOINT WARNING * * *
You hit the jelly but do no damage.
Your hands burn!
* * * LOW HITPOINT WARNING * * *
The jelly is almost dead.
You block the jelly's attack. Something hits you.
You die...

.......>).... ..
#########.#.###
...#......<#.#.#
#..#.####..#)#.#
#............#.#
.#...#...#..#.#
###..#..###.....###
#!#.###.#(#........
#@.....'##........
#.J[#####...#.......
#...#.# #...........
#####.# #.#.........
#.#. #.#.........
...##'##..†#..#####
#+.....'##)..#
#..##.#.#.### #
#..###..#


You could see a jelly.

Vanquished Creatures
  Harold (D:7)
  Urug (D:12)
  An unseen horror (D:12)
  A deep elf mage (D:10)
  A cyclops (D:12)
  An ugly thing (D:12)
  A manticore (D:12)
  Joseph (D:7)
  A kobold demonologist (D:9)
  A merfolk (D:10)
  Prince Ribbit (D:7)
  A hippogriff (D:7)
  A wraith (D:12)
  A human (D:10)
  12 yaks
  2 hungry ghosts
  Menkaure (D:6)
  An acid dragon (D:11)
  A water moccasin (D:8)
  A soldier ant (D:12)
  11 orc warriors
  A sky beast (D:8)
  3 ice beasts
  A phantom (D:6)
  4 ogres
  2 necrophages
  8 big kobolds
  A gnoll sergeant (D:11)
  3 bullfrogs
  5 scorpions
  A howler monkey (D:5)
  A bullfrog zombie (D:12)
  3 crimson imps
  5 centaur zombies
  4 jellies
  12 hounds
  2 bullfrog skeletons
  11 orc priests
  Crazy Yiuf (D:7)
  3 iguanas
  18 orc wizards
  6 worker ants
  5 hound skeletons
  3 howler monkey skeletons
  16 adders
  7 shadow imps
  An ooze (D:3)
  An adder zombie (D:5)
  4 worms
  3 dart slugs
  4 leopard geckos
  56 orcs
  2 ball pythons
  4 giant cockroaches
  9 hobgoblins
  10 jackals
  4 quokkas
  4 bats
  8 frilled lizards
  7 goblins
  A jackal zombie (D:8)
  53 kobolds
  10 kobold skeletons (D:9)
  8 kobold zombies (D:9)
  A leopard gecko zombie (D:5)
  A quokka skeleton (D:5)
  A quokka zombie (D:5)
  17 rats
  A bush (D:7)
379 creatures vanquished.

Vanquished Creatures (others)
  A cyclops (D:12)
  An orc wizard (D:10)
  An orc (D:11)
  3 kobolds
  3 plants (D:11)
9 creatures vanquished.

Grand Total: 388 creatures vanquished

Notes
Turn   | Place    | Note
-------+----------+-------------------------------------------
     0 | D:1      | cklessthan3 the Hill Orc Fighter began the quest for the
                  | Orb.
     0 | D:1      | Reached XP level 1. HP: 19/19 MP: 1/1
    49 | D:1      | Reached XP level 2. HP: 26/27 MP: 2/2
   536 | D:1      | Reached XP level 3. HP: 29/33 MP: 3/3
   981 | D:2      | Reached XP level 4. HP: 29/40 MP: 4/4
  1342 | D:2      | Reached skill level 4 in Shields
  1768 | D:3      | Reached XP level 5. HP: 44/46 MP: 5/5
  1853 | D:3      | Reached skill level 1 in Short Blades
  2189 | D:3      | Found a faded altar of an unknown god.
  2230 | D:3      | Became a worshipper of Cheibriados the Contemplative
  2230 | D:3      | Reached * piety under Cheibriados
  2583 | D:4      | Reached XP level 6. HP: 49/52 MP: 6/6
  2626 | D:4      | Found a radiant altar of Vehumet.
  2984 | D:4      | Noticed a necrophage
  2993 | D:4      | Killed a necrophage
  2993 | D:4      | Reached skill level 5 in Shields
  3111 | D:4      | Reached ** piety under Cheibriados
  3129 | D:4      | Reached XP level 7. HP: 60/60 MP: 7/7
  3393 | D:4      | Reached skill level 5 in Maces & Flails
  3519 | D:4      | Found a sacrificial altar of Ru.
  3622 | D:5      | Entered Level 5 of the Dungeon
  3624 | D:5      | Found Gunes's Antique Weapon Emporium.
  3727 | D:5      | Reached skill level 5 in Armour
  3783 | D:5      | Found Huosoaps's Antique Weapon Emporium.
  3916 | D:5      | Reached XP level 8. HP: 67/67 MP: 8/8
  4105 | D:6      | Found a staircase to the Ecumenical Temple.
  4148 | D:6      | Reached skill level 6 in Shields
  4156 | D:6      | Reached *** piety under Cheibriados
  4257 | D:6      | Noticed Menkaure
  4266 | D:6      | Killed Menkaure
  4266 | D:6      | Reached skill level 5 in Fighting
  4286 | D:6      | HP: 2/68 [orc priest/divine providence (12)]
  4644 | D:6      | Reached skill level 7 in Shields
  4764 | D:6      | Found Gideih's Book Emporium.
  5037 | D:7      | Reached XP level 9. HP: 74/74 MP: 9/9
  5071 | D:7      | Reached **** piety under Cheibriados
  5114 | D:7      | Noticed Joseph
  5133 | D:7      | Killed Joseph
  5193 | D:7      | Noticed Prince Ribbit
  5218 | D:7      | Killed Prince Ribbit
  5218 | D:7      | Reached skill level 8 in Shields
  5304 | D:7      | Noticed Harold
  5335 | D:7      | Killed Harold
  5335 | D:7      | Reached skill level 1 in Stealth
  5348 | D:7      | Reached XP level 10. HP: 44/83 MP: 10/10
  5791 | D:7      | Found a runed translucent door.
  5792 | D:7      | Noticed Crazy Yiuf
  5800 | D:7      | Killed Crazy Yiuf
  5886 | D:8      | Reached skill level 9 in Shields
  5888 | D:8      | Found Hutait's Assorted Antiques.
  5899 | D:8      | Bought a scroll of identify for 54 gold pieces
  5899 | D:8      | Bought a potion of flight for 81 gold pieces
  5899 | D:8      | Bought a potion of heal wounds for 135 gold pieces
  5922 | D:8      | Reached skill level 10 in Maces & Flails
  6083 | D:8      | Reached skill level 1 in Dodging
  6228 | D:8      | Found a deep blue altar of Sif Muna.
  6429 | D:8      | Got an encrusted leather armour
  6431 | D:8      | Identified the cursed +0 leather armour of Astroc {+Inv
                  | rF+++ Slay-3 SInv} (You found it on level 8 of the Dungeon)
  6963 | D:9      | Found an ancient bone altar of Kikubaaqudgha.
  6965 | D:9      | Found a burning altar of Makhleb.
  6966 | D:9      | Found a sacrificial altar of Ru.
  6966 | D:9      | Found a glowing silver altar of Zin.
  6966 | D:9      | Found a stormy altar of Qazlal.
  6966 | D:9      | Found a sparkling altar of Nemelex Xobeh.
  6992 | D:9      | Reached skill level 10 in Shields
  7004 | D:9      | Reached ***** piety under Cheibriados
  7268 | D:9      | Found Guitedet's Magic Scroll Boutique.
  7276 | D:9      | Bought 2 scrolls of enchant armour for 225 gold pieces
  7673 | D:9      | Found a staircase to the Orcish Mines.
  7848 | D:9      | Found an ancient bone altar of Kikubaaqudgha.
  7848 | D:9      | Noticed a kobold demonologist
  7849 | D:9      | Noticed a rust devil
  7866 | D:9      | Noticed an orange demon
  7878 | D:9      | Noticed a sixfirhy
  7909 | D:9      | Killed a kobold demonologist
  8199 | D:10     | Entered Level 10 of the Dungeon
  8263 | D:10     | Found Fihito's Jewellery Shoppe.
  8289 | D:10     | Reached skill level 11 in Shields
  8289 | D:10     | Reached XP level 11. HP: 90/92 MP: 11/11
  8324 | D:10     | Noticed a deep elf mage
  8350 | D:10     | Killed a deep elf mage
  8406 | D:10     | Reached ****** piety under Cheibriados
  9111 | D:11     | You fall through a shaft!
  9112 | D:12     | Noticed a manticore
  9127 | D:12     | Killed a manticore
  9316 | D:12     | Noticed a cyclops
  9317 | D:12     | Killed a cyclops
  9317 | D:12     | Reached skill level 12 in Shields
  9318 | D:12     | Noticed a purple ugly thing
  9335 | D:12     | Killed a purple ugly thing
  9335 | D:12     | Reached skill level 1 in Invocations
  9401 | D:12     | Killed an unseen horror
  9418 | D:12     | Found a gate leading to a gauntlet.
 10296 | D:12     | Noticed Urug
 10305 | D:12     | Killed Urug
 10519 | D:12     | Noticed a cyclops
 10523 | D:12     | Killed a cyclops
 10601 | D:11     | Found a portal to a secret trove of treasure.
 10660 | D:11     | Found a staircase to the Lair.
 10733 | D:11     | Reached skill level 13 in Shields
 10733 | D:11     | Reached XP level 12. HP: 83/101 MP: 12/12
 10972 | D:11     | HP: 4/101 [something (3)]
 10973 | D:11     | HP: 1/101 [acid (3)]
 10973 | D:11     | Slain by an unseen horror

Skill      XL: |  1  2  3  4  5  6  7  8  9 10 11 |
---------------+----------------------------------+-----
Fighting       | 4 5 6 7 |  7.9
Maces & Flails | 3 4 6 8 9 11 12 | 12.3
Shields        | 4 5 7 8 11 13 | 13.1
Armour         | 4 5 6 7 8 |  8.1
Short Blades   | 1 |  1.5
Stealth        | 1 |  1.5
Dodging        | 1 |  1.6
Invocations    | 1 |  1.2

Action                   |  1- 3 |  4- 6 |  7- 9 | 10-12 || total
-------------------------+-------+-------+-------+-------++-------
Melee: Flail             |   144 |       |       |       ||   144
       Dagger            |     1 |    88 |       |       ||    89
       Mace              |       |   189 |   400 |  1099 ||  1688
Invok: Bend Time         |       |       |       |     9 ||     9
  Use: Scroll            |       |       |    12 |     6 ||    18
       Potion            |       |       |     1 |     5 ||     6
 Stab: Held in net/web   |       |       |     2 |       ||     2
  Eat: Ration            |     1 |       |     1 |     4 ||     6
       Chunk             |       |     2 |     2 |     1 ||     5
Armor: Scale mail        |    55 |       |       |       ||    55
       Plate armour      |    31 |   175 |   154 |   617 ||   977
Dodge: Dodged            |    41 |    37 |    56 |   272 ||   406
Block: Shield            |    82 |   154 |   368 |  1496 ||  2100
       Reflection        |       |       |     8 |    30 ||    38
